 Dungeon Crawl Stone Soup version 0.27-a0-1296-g8ece459b43 (webtiles) character file.

Game seed: 8770277887040566609

11739 EldarEldrad the Destroyer (level 11, -5/54 HPs)
             Began as a Deep Elf Fire Elementalist on June 16, 2021.
             Was an Elder of Vehumet.
             Slain by a death yak (23 damage)
             ... on level 2 of the Lair of Beasts.
             The game lasted 00:57:15 (12388 turns).

EldarEldrad the Destroyer (DEFE)                   Turns: 12388, Time: 00:57:16

Health: -5/54      AC:  9    Str:  5    XL:     11   Next: 53%
Magic:  25/29      EV: 17    Int: 24    God:    Vehumet [****..]
Gold:   511        SH:  0    Dex: 19    Spells: 24/34 levels left

rFire    . . .     SeeInvis .   d - +12 hand axe "Aqeha" {flame, rN+ Dex+4 Stlth+}
rCold    . . .     Faith    .   (no shield)
rNeg     + . .     Spirit   .   H - +1 robe {Will+}
rPois    .         Reflect  .   p - +1 helmet
rElec    .         Harm     .   (no cloak)
rCorr    .         Rampage  .   G - +0 pair of gloves
Will     ++...                  a - +2 pair of boots {Stlth+}
Stlth    ++++......             (no amulet)
HPRegen  0.18/turn              y - ring of wizardry
MPRegen  0.21/turn              g - +4 ring of evasion

@: studying Polearms
A: no striking features
a: Renounce Religion


You were on level 2 of the Lair of Beasts.
You worshipped Vehumet.
Vehumet was greatly pleased with you.
You visited 3 branches of the dungeon, and saw 12 of its levels.
You also visited: Ossuary.

You collected 511 gold pieces.

Inventory:

Hand Weapons
 d - the +12 hand axe "Aqeha" (weapon) {flame, rN+ Dex+4 Stlth+}
   (You found it on level 8 of the Dungeon)

   It has been specially enchanted to burn those struck by it, causing extra
   injury to most foes and up to half again as much damage against particularly
   susceptible opponents.
   Big, fiery blades are also staple armaments of hydra-hunters.
   It affects your dexterity (+4).
   It protects you from negative energy.
   It makes you more stealthy.
Missiles
 F - a curare-tipped dart
 I - 22 poisoned darts
Armour
 a - a +2 pair of boots of stealth (worn)
 p - a +1 helmet (worn)
 G - a +0 pair of gloves (worn)
 H - a +1 robe of willpower (worn)
Jewellery
 g - a +4 ring of evasion (right hand)
 h - a ring of protection from cold
 q - a ring of positive energy
 y - a ring of wizardry (left hand)
 D - a ring of resist corrosion
Wands
 c - a wand of flame (43)
 m - a wand of digging (5)
 s - a wand of paralysis (8)
 x - a wand of mindburst (5)
 z - a wand of iceblast (13)
Scrolls
 b - 7 scrolls of teleportation
 e - a scroll of fog
 o - a scroll of magic mapping
 w - a scroll of enchant weapon {unknown}
 A - a scroll of vulnerability
Potions
 f - 3 potions of flight
 i - 3 potions of brilliance
 j - a potion of attraction {unknown}
 k - 6 potions of curing
 l - 3 potions of haste
 n - a potion of ambrosia {unknown}
 r - 2 potions of lignification
 t - a potion of cancellation {unknown}
 u - 3 potions of mutation
 B - 2 potions of heal wounds


   Skills:
 - Level 2.4 Dodging
 - Level 2.4 Stealth
 + Level 12.1 Spellcasting
 * Level 13.7 Conjurations
 + Level 10.6 Fire Magic


You had 24 spell levels left.
You knew the following spells:

 Your Spells              Type           Power      Damage    Failure   Level
a - Foxfire               Conj/Fire      100%       2x1d9     1%          1
b - Sticky Flame          Conj/Fire      65%        2d8       1%          4
c - Fireball              Conj/Fire      32%        3d14      1%          5

Your spell library contained the following spells:

 Spells                   Type           Power      Damage    Failure   Level
 Irradiate                Conj/Tmut      23%        3d21      1%          5
 Beastly Appendage        Tmut           28%        N/A       1%          1
 Conjure Flame            Conj/Fire      65%        6-21      1%          3
 Inner Flame              Hex/Fire       40%        N/A       1%          3
 Wereblood                Tmut           14%        N/A       2%          2
 Spider Form              Tmut/Pois      7%         N/A       5%          3
 Ice Form                 Ice/Tmut       14%        N/A       16%         4


Dungeon Overview and Level Annotations

Branches:
Dungeon (8/15)             Temple (1/1) D:4            Lair (3/6) D:8
 Spider (0/4) Lair:2      Ossuary (visited)
  Swamp: Lair:2-4    Shoals: Lair:2-4

Altars:
Ashenzari
Cheibriados
Dithmenos
Elyvilon
Fedhas
Gozag
Hepliaklqana
Kikubaaqudgha
Makhleb
Nemelex Xobeh
Okawaru
Qazlal
Ru
Sif Muna
Trog
Uskayaw
Vehumet
Wu Jian
Xom
Yredelemnul
Zin
The Shining One

Annotations:
D:6 2 transporters, UristMcRaven's ghost, novice OpCj


Message History

A death yak comes into view.
A wolf and a death yak come into view.
The death yak moves out of view.
The teleport trap disappears.
The wolf disappears!
As you read the scroll of fear, it crumbles to dust.
You assume a fearsome visage.
The death yak resists with almost no effort.
The death yak looks frightened!
The death yak bellows!
The death yak resists with almost no effort.
Found a potion of degeneration.
The death yak gores you!!
* * * LOW HITPOINT WARNING * * *
Okay, then.
Okay, then.
Found 15 stones.
Okay, then.
Unknown command.
There is a stone staircase leading up here.
The death yak misses you.
You climb upwards.
A water moccasin and a cane toad come into view.
Found an escape hatch in the ceiling.
There is a stone staircase leading down here.
You feel much better.
The death yak gores you but does no damage.
Casting: Sticky Flame (safe; 1% risk of failure)
Confirm with . or Enter, or press ? or * to list all spells.
Aiming: Sticky Flame (safe; 1% risk of failure)
Press: ? - help, Shift-Dir - straight line, f - death yak
Aim: a death yak (100% to hit)
The sticky flame hits the death yak but does no damage.
The death yak is covered in liquid flames!
The cane toad gives a loud, deep croak!
The death yak burns!
The death yak misses you.
The death yak burns!
The death yak burns!
A bullfrog comes into view.
The death yak gores you!!
You die...

. ## .. #.#
... #..
.... #^.
..... #####
# #...≈≈..
..........#
#..^≈≈.#
.........##
##+≈≈..^
..........
#.^^...
#........#
#..#.##
......... #
#####..
##.###.##^.


You could see a death yak (burning), a cane toad, a water moccasin (wandering)
and a bullfrog (wandering).

Vanquished Creatures
  A two-headed ogre (D:6)
  An orb spider (Lair:2)
  A cyclops (D:6)
  A manticore (D:6)
  Joseph (D:8)
  A black mamba (Lair:3)
  A komodo dragon (Lair:1)
  Grinder (D:4)
  10 blink frogs (Lair:1)
  Sigmund (D:6)
  A vampire (D:7)
  7 yaks (Lair:1)
  Grum (D:8)
  Menkaure (D:4)
  An acid dragon (D:6)
  Duvessa (D:7)
  4 water moccasins
  2 orc warriors (D:7)
  A sky beast (D:8)
  3 ogres
  An ice beast (D:5)
  2 necrophages
  2 centaurs
  14 wolves
  A phantom (D:5)
  3 elf zombies (Ossuary)
  6 bullfrogs
  2 kobold brigands (D:7)
  5 scorpions
  Dowan (D:7)
  A water moccasin zombie (D:5)
  2 water moccasin skeletons (D:5)
  5 killer bees
  3 howler monkeys
  8 wights (D:7)
  A bullfrog zombie (D:5)
  3 orc priests
  A bullfrog skeleton (D:6)
  2 hounds
  Jessica (D:2)
  2 orc wizards (D:7)
  Terence (D:3)
  4 iguanas
  A hound zombie (D:5)
  A hound skeleton (D:4)
  2 mummies (Ossuary)
  A howler monkey zombie (D:6)
  8 adders
  5 gnolls
  A shadow imp (D:7)
  2 white imps (D:6)
  An ufetubus (D:5)
  3 adder zombies (Ossuary)
  A worm (D:4)
  2 dart slugs
  13 orcs
  4 endoplasms
  4 giant cockroaches
  3 goblins
  9 hobgoblins
  10 jackals
  16 kobolds
  4 quokkas
  7 ball pythons
  8 bats
  3 frilled lizards
  14 hobgoblin zombies (Ossuary)
  A jackal zombie (Ossuary)
  8 kobold zombies (Ossuary)
  6 orc zombies (Ossuary)
  4 rats
  A rat zombie (Ossuary)
255 creatures vanquished.

Vanquished Creatures (collateral kills)
  3 foxfires
3 creatures vanquished.

Vanquished Creatures (others)
  1006 foxfires
  8 fungi
  13 plants
1027 creatures vanquished.

Grand Total: 1285 creatures vanquished

Notes
Turn   | Place    | Note
-------+----------+-------------------------------------------
     0 | D:1      | EldarEldrad the Deep Elf Fire Elementalist began the quest
                  | for the Orb.
     0 | D:1      | Reached XP level 1. HP: 10/10 MP: 6/6
   186 | D:1      | Reached XP level 2. HP: 15/15 MP: 6/8
   385 | D:1      | Found a faded altar of an unknown god.
   467 | D:1      | Reached skill level 2 in Conjurations
  1045 | D:2      | Reached XP level 3. HP: 19/19 MP: 8/10
  1233 | D:2      | Noticed Jessica
  1236 | D:2      | Killed Jessica
  1237 | D:2      | Reached skill level 3 in Conjurations
  1430 | D:2      | Reached XP level 4. HP: 24/24 MP: 7/11
  2336 | D:3      | Noticed Terence
  2345 | D:3      | Killed Terence
  2346 | D:3      | Reached XP level 5. HP: 28/28 MP: 6/13
  2509 | D:3      | Reached skill level 4 in Conjurations
  2645 | D:3      | Found a radiant altar of Vehumet.
  2681 | D:3      | Became a worshipper of Vehumet
  2696 | D:3      | Reached XP level 6. HP: 32/32 MP: 8/15
  2798 | D:3      | Reached skill level 5 in Spellcasting
  2860 | D:3      | Found a broken altar of Ashenzari.
  3180 | D:4      | Noticed Menkaure
  3186 | D:4      | Killed Menkaure
  3187 | D:4      | Reached skill level 5 in Conjurations
  3187 | D:4      | Reached skill level 5 in Fire Magic
  3659 | D:4      | Reached XP level 7. HP: 36/36 MP: 12/17
  3710 | D:4      | Found a staircase to the Ecumenical Temple.
  3766 | Temple   | Entered the Ecumenical Temple
  4015 | D:4      | Found an ornate altar of the Wu Jian Council.
  4225 | D:4      | Noticed Grinder
  4240 | D:4      | Killed Grinder
  4241 | D:4      | Reached skill level 6 in Conjurations
  4334 | D:5      | Entered Level 5 of the Dungeon
  4408 | D:5      | Reached skill level 7 in Conjurations
  4410 | D:5      | Reached XP level 8. HP: 34/41 MP: 10/20
  4474 | D:5      | Learned a level 4 spell: Sticky Flame
  4480 | D:5      | Learned a level 5 spell: Fireball
  4529 | D:5      | Found an opulent altar of Gozag.
  4663 | D:5      | Found a large runed translucent door.
  4663 | D:5      | Found a large runed translucent door.
  4700 | D:5      | Reached * piety under Vehumet
  4700 | D:5      | Offered knowledge of Magic Dart by Vehumet.
  4912 | D:5      | Reached skill level 8 in Conjurations
  5282 | D:5      | Found a hide-covered altar of Uskayaw.
  5285 | D:5      | Found a shimmering blue altar of Sif Muna.
  5329 | D:6      | Found a sand-covered staircase.
  5338 | Ossuary  | Entered an ossuary
  5584 | Ossuary  | Reached ** piety under Vehumet
  5584 | Ossuary  | Offered knowledge of Freeze by Vehumet.
  5968 | D:6      | Reached skill level 9 in Conjurations
  5992 | D:6      | Reached XP level 9. HP: 31/45 MP: 8/23
  6015 | D:6      | Noticed a cyclops
  6191 | D:6      | Found a transporter.
  6195 | D:6      | Noticed UristMcRaven's ghost (novice OpCj)
  6244 | D:6      | Found a transporter.
  6370 | D:6      | Noticed Sigmund
  6378 | D:6      | Killed Sigmund
  6656 | D:6      | Killed a cyclops
  6657 | D:6      | Reached skill level 10 in Conjurations
  6823 | D:6      | Offered knowledge of Static Discharge by Vehumet.
  6850 | D:6      | Noticed a manticore
  6865 | D:6      | Killed a manticore
  7247 | D:6      | Noticed a two-headed ogre
  7255 | D:6      | Killed a two-headed ogre
  7256 | D:6      | Reached skill level 11 in Conjurations
  7256 | D:6      | Reached XP level 10. HP: 50/50 MP: 15/25
  7472 | D:7      | Reached *** piety under Vehumet
  7590 | D:7      | Reached skill level 10 in Spellcasting
  8026 | D:7      | Offered knowledge of Dazzling Flash by Vehumet.
  8859 | D:7      | Noticed Duvessa
  8870 | D:7      | Noticed Dowan
  8873 | D:7      | Killed Duvessa
  8876 | D:7      | Killed Dowan
  9366 | D:7      | Identified a scroll of acquirement
  9366 | D:7      | Acquired a +1 pair of boots of stealth
  9405 | D:8      | Identified the +12 hand axe "Aqeha" {flame, rN+ Dex+4
                  | Stlth+}
  9800 | D:8      | Found a staircase to the Lair.
  9844 | D:8      | Reached skill level 12 in Conjurations
  9871 | D:8      | Noticed Joseph
  9877 | D:8      | Noticed Grum
  9882 | D:8      | Killed Joseph
 10035 | D:8      | Killed Grum
 10559 | Lair:1   | Entered Level 1 of the Lair of Beasts
 10589 | Lair:1   | Reached **** piety under Vehumet
 10756 | Lair:1   | Reached XP level 11. HP: 54/54 MP: 17/28
 10757 | Lair:1   | Reached skill level 10 in Fire Magic
 10898 | Lair:1   | Offered knowledge of Irradiate by Vehumet.
 10904 | Lair:1   | Reached skill level 13 in Conjurations
 12156 | Lair:2   | Found a hole to the Spider Nest.
 12156 | Lair:2   | Noticed an orb spider
 12169 | Lair:2   | Killed an orb spider
 12228 | Lair:2   | You fall into a shaft and drop 1 floor!
 12370 | Lair:3   | Noticed a death yak
 12371 | Lair:3   | Noticed a death yak
 12372 | Lair:3   | Noticed a death yak
 12388 | Lair:2   | Slain by a death yak

Illustrated notes

Levels and vault maps discovered:
D:1:      minmay_arrival_split_and_join, layout_loops_cross,
          basic_ecumenical_altar, hex_large, serial_bayou_pond_a
D:2:      layout_loops_corners, dk_noncrumbling_2, moated_statue, uniq_jessica
D:3:      layout_basic, lemuel_round_altar, vehumet_crystals,
          kennysheep_generic_room_11, uniq_terence
D:4:      layout_basic, nzn_wu_jian_contemplation, temple_green, uniq_grinder,
          uniq_menkaure
D:5:      layout_basic, grunt_gozag_breadcrumbs, jmf_multi_god_temple2
D:6:      layout_basic, enter_ossuary_1, gammafunk_ghost_stat_death,
          minmay_manual_moon, uniq_sigmund
D:7:      layout_basic, uniq_duvessa
D:8:      layout_layer_cave, lair_entry_dummy, uniq_joseph, uniq_grum
Temple:   eino_temple_rhombus
Lair:1:   layout_cave_pods, infiniplex_staircase_pool_2, serial_bayou_shore_b
Lair:2:   layout_roguey, nicolae_spider_entry_orb_guardian, lemuel_fruit_tree,
          grunt_megastairs_4, serial_bayou_shore_a, minmay_lair_oklob_chamber,
          serial_bayou_shore_b
Lair:3:   layout_cave_pods, worms_lemuel

Skill      XL: |  1  2  3  4  5  6  7  8  9 10 11 |
---------------+----------------------------------+-----
Conjurations   | 2 3 4 5 7 9 11 12 13 | 13.7
Spellcasting   | 4 5 6 8 9 11 12 | 12.1
Fire Magic     | 4 5 6 7 8 9 10 | 10.6
Dodging        | |  2.4
Stealth        | |  2.4

Action                   |  1- 3 |  4- 6 |  7- 9 | 10-12 || total
-------------------------+-------+-------+-------+-------++-------
Melee: Dagger            |     1 |     4 |     8 |     2 ||    15
       Hand axe          |       |       |       |     8 ||     8
 Cast: Foxfire           |    48 |   116 |   225 |   218 ||   607
       Fireball          |       |       |     9 |    10 ||    19
       Sticky Flame      |       |       |     9 |    38 ||    47
  Use: Scroll            |       |       |     2 |    19 ||    21
       Potion            |       |       |       |     1 ||     1
Armor: Robe              |     3 |     3 |     4 |    13 ||    23
Dodge: Dodged            |     7 |    19 |    10 |    69 ||   105

Table legend: (Time is in decaauts)
 A = Elapsed time spent in this place.
 B = Non-inter-level travel time spent in this place.
 C = Inter-level travel time spent in this place.
 D = Time resting spent in this place.
 E = Time spent auto-exploring this place.
 F = Levels seen in this place.
 G = Mean time per level.
                   A        B        C        D        E       F      G
               +--------+--------+--------+--------+--------+-----+--------+
         Total |  12399 |  12051 |    348 |   1895 |   8133 |  13 |  953.8 |
       Dungeon |   9781 |   9539 |    242 |   1474 |   6559 |   8 | 1222.6 |
        Temple |    179 |    170 |      9 |      0 |    169 |   1 |  179.0 |
          Lair |   1843 |   1746 |     97 |    396 |   1085 |   3 |  614.3 |
       Ossuary |    593 |    593 |      0 |     25 |    320 |   1 |  593.0 |
               +--------+--------+--------+--------+--------+-----+--------+

Top non-repeatable levels by time:
     D:7: 1970 daAuts
     D:6: 1644 daAuts
  Lair:1: 1594 daAuts
     D:2: 1185 daAuts
     D:8: 1032 daAuts
     D:3: 1032 daAuts
     D:4: 1017 daAuts
     D:5: 983 daAuts
     D:1: 915 daAuts
 Ossuary: 593 daAuts
  Temple: 179 daAuts
  Lair:3: 156 daAuts
  Lair:2: 93 daAuts
